 Dungeon Crawl Stone Soup version 0.31.0-11-ge490571c62 (webtiles) character file.

Game seed: 3135411162495354206

133 cdecastro the Firebug (level 4, -1/24 HPs)
             Began as a Deep Elf Fire Elementalist on Jan 27, 2024.
             Slain by Grinder (6 damage)
             ... while paralysed by Grinder
             ... on level 4 of the Dungeon on Jan 29, 2024.
             The game lasted 00:09:38 (3273 turns).

cdecastro the Firebug (Deep Elf Fire Elementalist)  Turns: 3273, Time: 00:09:41

Health: -1/24      AC:  3    Str:  5    XL:     4   Next: 94%
Magic:  5/10       EV:  2    Int: 22    God:
Gold:   127        SH:  0    Dex: 18    Spells: 3/9 levels left

rFire   . . .        h - +3 whip of Ozots {spect, Dex+3 SInv}
rCold   . . .        (no shield)
rNeg    . . .        a - +0 robe
rPois   .            j - +0 helmet
rElec   .            (no cloak)
rCorr   .            (no gloves)
SInv    +            (no boots)
Will    .....        (no amulet)
Stlth   ++           d - ring of see invisible
HPRegen 0.24/turn    (no ring)
MPRegen 0.12/turn

%: no passive effects
@: paralysed, very slightly contaminated
A: no striking features
a: no special abilities


You were on level 4 of the Dungeon.
You visited 1 branch of the dungeon, and saw 4 of its levels.

You collected 127 gold pieces.

Inventory:

Hand Weapons
 h - the +3 whip of Ozots (weapon) {spect, Dex+3 SInv}
   (You found it on level 2 of the Dungeon)

   Dex+3:     It affects your dexterity (+3).
   SInv:      It lets you see invisible.
Armour
 a - a +0 robe (worn)
 j - a +0 helmet (worn)
Jewellery
 d - a ring of see invisible (left hand)
 l - a ring of flight
Scrolls
 c - 2 scrolls of immolation {unknown}
 e - 2 scrolls of identify {unknown}
 g - a scroll of fear {unknown}
 m - a scroll of blinking {unknown}
 o - a scroll of revelation {unknown}
Potions
 b - a potion of magic
 f - a potion of heal wounds {unknown}
 i - 2 potions of haste {unknown}
 k - a potion of degeneration {unknown}
 n - a potion of curing {unknown}
 p - a potion of brilliance {unknown}


   Skills:
 - Level 2.4 Dodging
 - Level 2.4 Stealth
 - Level 3.0 Spellcasting
 - Level 1.1 Conjurations
 + Level 6.2 Fire Magic


You had 3 spell levels left.
You knew the following spells:

 Your Spells              Type           Power      Damage    Failure   Level
a - Foxfire               Conj/Fire      76%        2x1d7     2%          1
b - Scorch                Fire           60%        2d7       1%          2
c - Inner Flame           Hex/Fire       17%        N/A       11%         3

Your spell library contained the following spells:

 Spells                   Type           Power      Damage    Failure   Level
 Volatile Blastmotes      Fire/Tloc      34%        2d12      11%         3
 Flame Wave               Conj/Fire      19%        2d7       26%         4


Dungeon Overview and Level Annotations

Branches:
Dungeon (4/15)
 Temple: D:4-7

Altars:

Shops:
D:1 [[!=*   D:2 =

Annotations:
D:4 Grinder


Message History

You start resting.
Magic restored.
You climb downwards.
Level annotation: Grinder
There is a stone staircase leading up here.
Unknown command.
Casting: Foxfire (safe; 2% risk of failure)
Confirm with . or Enter, or press ? or * to list all spells.
Flames lash Grinder.
Grinder is moderately wounded.
Grinder's fire resistance burns away.
Grinder hits you.
You writhe in agony.
Unknown command.
Casting: Scorch (safe; 1% risk of failure)
Confirm with . or Enter, or press ? or * to list all spells.
You conjure some foxfire!
Grinder gestures at you.
You barely resist.
Casting: Foxfire (safe; 2% risk of failure)
Confirm with . or Enter, or press ? or * to list all spells.
You miscast Foxfire.
You are very lightly contaminated with residual magic.
Nothing appears to happen.
The foxfire hits Grinder!
Grinder is burned terribly!
Grinder is heavily wounded.
The foxfire hits Grinder.
Grinder is burned terribly!
Grinder is severely wounded.
Grinder hits you.
* * * LOW HITPOINT WARNING * * *
Casting: Foxfire (safe; 2% risk of failure)
Confirm with . or Enter, or press ? or * to list all spells.
You miscast Foxfire.
Nothing appears to happen.
Grinder gestures at you.
You suddenly lose the ability to move!
Grinder hits you but does no damage.
Grinder is no longer more vulnerable to fire.
Grinder hits you!
* * * LOW HITPOINT WARNING * * *
You writhe in agony.
You die...
Grinder says, "Hey, I wasn't done torturing you yet!"

###### ##....####
##......#.## ###
#...##.....##..#
#..#..@.###...#...##
#.....5.....##.....#
##..#......###...###
##
#.##.......###.##.#[..
## #......).#.......#
#....)............#
##...(..............
#.##............... ##
#...............


You could see Grinder.

Vanquished Creatures
  A bombardier beetle (D:3)
  A hound (D:4)
  An adder (D:3)
  2 dart slugs
  5 endoplasms
  3 giant cockroaches
  10 goblins
  9 hobgoblins
  2 quokkas (D:1)
  3 ball pythons (D:3)
  5 bats
  3 frilled lizards
  10 kobolds
  5 rats
60 creatures vanquished.

Vanquished Creatures (others)
  212 foxfires
212 creatures vanquished.

Grand Total: 272 creatures vanquished

Notes
Turn   | Place    | Note
-------+----------+-------------------------------------------
     0 | D:1      | cdecastro the Deep Elf Fire Elementalist began the quest
                  | for the Orb.
     0 | D:1      | Reached XP level 1. HP: 10/10 MP: 6/6
    10 | D:1      | Found Semowkan's Distillery.
   310 | D:1      | Reached skill level 4 in Fire Magic
   310 | D:1      | Reached XP level 2. HP: 15/15 MP: 2/8
   446 | D:1      | Found Vunudib's Assorted Antiques.
   454 | D:1      | Found Huorril's Jewellery Shoppe.
   631 | D:1      | Found Ofiri's Antique Armour Shop.
   706 | D:1      | Found Aboheawn's Antique Armour Emporium.
  1152 | D:2      | Identified the +3 whip of Ozots {spect, Dex+3 SInv}
  1230 | D:2      | Found Ziucvuaf's Jewellery Shop.
  1373 | D:2      | Reached XP level 3. HP: 19/19 MP: 6/9
  1543 | D:2      | Learned a level 2 spell: Scorch
  1547 | D:2      | Learned a level 3 spell: Inner Flame
  2102 | D:3      | Found a faded altar of an unknown god.
  2209 | D:3      | Reached skill level 5 in Fire Magic
  2627 | D:3      | Reached XP level 4. HP: 24/24 MP: 7/10
  3071 | D:4      | Reached skill level 6 in Fire Magic
  3168 | D:4      | Noticed Grinder
  3271 | D:4      | Paralysed by Grinder for 3 turns
  3273 | D:4      | Slain by Grinder

Illustrated notes

Levels and vault maps discovered:
D:1:      dpeg_arrival_rhombus, layout_basic, serial_shops, shop_fountains,
          shop, nicolae_shop_tiny_real_fake_doors, shop_statue, shop,
          moated_statue, roderic_st_hans_cross, nicolae_titane
D:2:      layout_basic, serial_shops, shop, corexii_hall_statues_i,
          minmay_goblin_outpost
D:3:      layout_basic, nicolae_ecumenical_pavilion, kennysheep_doodads,
          amcnicky_mini_pool_small, minmay_puff
D:4:      layout_cave_pools, fedhas_altar_1, minmay_misc_feat_columns,
          uniq_grinder

Skill      XL: |  1  2  3  4 |
---------------+-------------+-----
Fire Magic     | 4 5 6 |  6.2
Dodging        | |  2.4
Stealth        | |  2.4
Spellcasting   | |  3.0
Conjurations   | |  1.1

Action                     |  1- 3 |  4- 6 || total
---------------------------+-------+-------++-------
  Melee: Whip              |    12 |     6 ||    18
   Cast: Foxfire           |    90 |    27 ||   117
         Scorch            |       |     4 ||     4
   Stab: Sleeping          |     1 |       ||     1
         Distracted        |     1 |       ||     1
 Armour: Robe              |     8 |     6 ||    14
  Dodge: Dodged            |     7 |     9 ||    16
